 Dungeon Crawl Stone Soup version 0.24.0-13-gcf9b3192b9 (webtiles) character file.

Game seed: 8616673976331858040, levelgen mode: deterministic

25 Matador8 the Caller (level 2, 0/20 HPs)
             Began as a Draconian Summoner on Nov 7, 2019.
             Slain by an adder (5 damage)
             ... on level 1 of the Dungeon.
             The game lasted 00:05:34 (1562 turns).

Matador8 the Caller (Draconian Summoner)            Turns: 1562, Time: 00:05:34

Health: 0/20       AC:  4    Str: 10    XL:     2   Next: 82%
Magic:  0/5        EV: 12    Int: 15    God:
Gold:   42         SH:  0    Dex: 11    Spells: 2/5 levels left

rFire    . . .     SeeInvis .   f - +0 dagger
rCold    . . .     Gourm    .   (no shield)
rNeg     . . .     Faith    .   (armour unavailable)
rPois    .         Spirit   .   (helmet restricted)
rElec    .         Reflect  .   (no cloak)
rCorr    .         Harm     .   (no gloves)
MR       .....                  (no boots)
Stlth    ++........             (no amulet)
HPRegen  0.06/turn              (no ring)
MPRegen  0.09/turn              (no ring)

@: no status effects
A: unfitting armour, cold-blooded, AC +4
a: no special abilities


You were on level 1 of the Dungeon.
You were near starving.

You visited 1 branch of the dungeon, and saw 2 of its levels.

You collected 42 gold pieces.

Inventory:

Hand Weapons
 f - a +0 dagger (weapon)
Scrolls
 e - a scroll of immolation {unknown}
 h - a scroll of identify {unknown}
 i - a scroll of enchant weapon {unknown}
 j - a scroll of magic mapping {unknown}
 l - a scroll of enchant armour {unknown}
Potions
 a - 2 potions of curing {unknown}
 c - a potion of brilliance {unknown}
 d - a potion of might {unknown}
 g - 3 potions of degeneration {unknown}
 k - a potion of berserk rage {unknown}
Comestibles
 b - 2 rations


   Skills:
 - Level 1.7 Dodging
 - Level 1.7 Stealth
 + Level 0.5 Unarmed Combat
 + Level 2.2 Spellcasting
 + Level 4.6 Summonings


You had 2 spell levels left.
You knew the following spells:

 Your Spells              Type           Power        Failure   Level  Hunger
a - Summon Small Mammal   Summ           ###.         3%          1    #......
b - Call Imp              Summ           ###.....     4%          2    ###....

Your spell library contained the following spells:

 Spells                   Type           Power        Failure   Level  Hunger
 Call Canine Familiar     Summ           ###.....     10%         3    ###....
 Summon Guardian Golem    Hex/Summ       #.......     26%         3    ###....
 Summon Ice Beast         Ice/Summ       #.......     63%         4    #####..
 Summon Lightning Spire   Summ/Air       #.......     63%         4    #####..


Dungeon Overview and Level Annotations

Branches:
Dungeon (2/15)

Altars:


Innate Abilities, Weirdness & Mutations

Your plain brown scales are hard. (AC +4)
You cannot fit into any form of body armour.
You are cold-blooded and may be slowed by cold attacks.


Message History

The goblin hits your crimson imp.
Your crimson imp blinks!
Casting: Call Imp (safe; 4% risk of failure)
Confirm with . or Enter, or press ? or * to list all spells.
The goblin barely misses you.
You swap places.
Your bat closely misses the goblin.
Your bat hits the goblin.
The goblin dies!
Casting: Summon Small Mammal (safe; 3% risk of failure)
Confirm with . or Enter, or press ? or * to list all spells.
You are near starving!
Your bat closely misses the adder.
The adder closely misses your bat.
Your bat misses the adder.
Your bat closely misses the adder.
The adder bites your bat.
Your bat dies!
Your bat's corpse disappears in a puff of smoke!
Your rat misses the adder.
Casting: Summon Small Mammal (safe; 3% risk of failure)
Confirm with . or Enter, or press ? or * to list all spells.
The adder bites you.
You die...

####.#.......# ###.###...
##............# ##.###.#.
#........####.##########......#.
#....>.S......................#.
##........###############....#.#.
.....####.#######........#+###.#.
.....# #.5...5r#.##.....#.# #.#.
.....# #######S#.#......#.# #.#.
)....# ###.....@.#..#.###.# #.##
#.#### #.........#..#.###.###...
#..# #.#...r...#..#...........
##.### #.#..........#####.#####.
.....## #.#....).###.# #.#####.
......# #.#..........# #....##.
......###.......###### #....##.
..#....#######.## #....##.
####...# #......# #.###.(.


You could see an adder, a friendly crimson imp and 2 friendly rats.

Vanquished Creatures
  A worm (D:2)
  A leopard gecko (D:1)
  2 goblins (D:1)
  2 hobgoblins (D:1)
  2 kobolds (D:1)
  4 bats (D:1)
  2 frilled lizards (D:1)
  3 rats
17 creatures vanquished.

Vanquished Creatures (collateral kills)
  An ooze (D:1)
  A dart slug (D:1)
  2 goblins (D:1)
  2 hobgoblins (D:1)
  A kobold (D:1)
7 creatures vanquished.

Grand Total: 24 creatures vanquished

Notes
Turn   | Place    | Note
-------+----------+-------------------------------------------
     0 | D:1      | Matador8 the Draconian Summoner began the quest for the
                  | Orb.
     0 | D:1      | Reached XP level 1. HP: 14/14 MP: 3/3
   575 | D:1      | Reached XP level 2. HP: 20/20 MP: 1/5
   988 | D:1      | Learned a level 2 spell: Call Imp
  1562 | D:1      | Slain by an adder

Levels and vault maps discovered:
D:1:      matt_arrival_refuge, layout_basic, solitary_fountain,
          hangedman_decor_growths
D:2:      layout_rooms, kennysheep_generic_room_9, uniq_jessica

Action                   || total
-------------------------++-------
Melee: Unarmed           ||    52
       Tailslap          ||     6
       Dagger            ||    13
 Cast: Summon Small Mamm ||    23
       Call Imp          ||     3
 Stab: Distracted        ||     1
  Eat: Chunk             ||     1
Armor: Skin              ||    23
Dodge: Dodged            ||    44
